 Dungeon Crawl Stone Soup version 0.28-a0-932-g843f935a50 (webtiles) character file.

Game seed: 6944776018937766118

224381 bearlyready the Sharpshooter (level 18, -19/178 HPs)
             Began as a Minotaur Hunter on Nov 28, 2021.
             Was the Champion of Trog.
             Demolished by a dire elephant (34 damage)
             ... on level 1 of the Vaults.
             The game lasted 01:48:02 (54274 turns).

bearlyready the Sharpshooter (Minotaur Hunter)     Turns: 54274, Time: 01:48:03

Health: -19/178    AC: 32    Str: 26    XL:     18   Next: 59%
Magic:  17/17      EV: 17    Int: 12    God:    Trog [******]
Gold:   527        SH:  0    Dex: 14    Spells: 17/17 levels left

rFire   + + +      SeeInvis .   a - +4 triple crossbow of Wisdom {elec, Will++ Str+2 Int+4}
rCold   . . .      Faith    +   (shield currently unavailable)
rNeg    + . .      Spirit   .   L - +2 plate armour {rPois}
rPois   +          Reflect  .   X - +1 hat
rElec   +          Harm     .   c - +1 cloak
rCorr   .          Rampage  .   S - +2 pair of gloves of Xoeryd {rN+ Dex+2}
Will    +++++                   j - +1 pair of boots "Zauff" {rElec rF+++ Regen+}
Stlth   ..........              g - amulet of faith
HPRegen 2.19/turn               v - +4 ring of evasion
MPRegen 0.15/turn               y - +4 ring of protection

@: strong-willed, regenerating, studying Polearms
A: horns 2, retaliatory headbutt
}: 1/15 runes: gossamer
a: Renounce Religion, Berserk, Trog's Hand, Brothers in Arms


You were on level 1 of the Vaults.
You worshipped Trog.
Trog was exalted by your worship.
You visited 6 branches of the dungeon, and saw 30 of its levels.
You also visited: Sewer and Ice Cave.

You collected 2584 gold pieces.
You spent 2057 gold pieces at shops.

Inventory:

Hand Weapons
 a - the +4 triple crossbow of Wisdom (weapon) {elec, Will++ Str+2 Int+4}
   (You acquired it on level 13 of the Dungeon)

   Any ammunition fired from it occasionally discharges a powerful burst of
   electricity upon striking a foe.
   Str:       It affects your strength (+2).
   Int:       It affects your intelligence (+4).
   Will:      It greatly increases your willpower.
 b - a +2 lajatang of flaming
 I - the +6 quarterstaff "Sihiet Cayl" {drain, Fly}
   (You bought it in a shop on level 1 of the Orcish Mines)

   A truly terrible weapon, it drains the life of any living foe it strikes.
   Fly:       It grants you flight.
Missiles
 d - 297 bolts (quivered ammo)
 k - 123 poisoned darts
 o - 4 javelins
 Y - 6 curare-tipped darts
Armour
 c - a +1 cloak (worn)
 j - the +1 pair of boots "Zauff" (worn) {rElec rF+++ Regen+}
   (You bought it in a shop on level 1 of the Orcish Mines)

   rF:        It renders you almost immune to fire.
   rElec:     It insulates you from electricity.
   Regen:     It increases your rate of health regeneration.
 G - a scarf of resistance
 L - a +2 plate armour of poison resistance (worn)
 S - the +2 pair of gloves of Xoeryd (worn) {rN+ Dex+2}
   (You found it on level 1 of the Spider Nest)

   Dex:       It affects your dexterity (+2).
   rN:        It protects you from negative energy.
 X - a +1 hat (worn)
Jewellery
 g - an amulet of faith (around neck)
 v - a +4 ring of evasion (left hand)
 y - a +4 ring of protection (right hand)
 J - an amulet of reflection
 T - a +6 ring of dexterity
Wands
 p - a wand of digging (1)
 N - a wand of flame (66)
 Z - a wand of iceblast (35)
Scrolls
 e - 3 scrolls of holy word
 f - 3 scrolls of torment
 h - 5 scrolls of identify
 i - 5 scrolls of blinking
 m - 2 scrolls of teleportation
 n - a scroll of immolation
 q - a scroll of silence
 r - 7 scrolls of magic mapping
 D - 8 scrolls of noise
 O - 5 scrolls of enchant armour
 U - 2 scrolls of fog
 V - 4 scrolls of fear
 W - 3 scrolls of enchant weapon
Potions
 l - 5 potions of curing
 s - 2 potions of cancellation
 t - 9 potions of flight
 u - 5 potions of ambrosia
 w - 5 potions of haste
 x - 3 potions of heal wounds
 z - 3 potions of invisibility
 A - 3 potions of resistance
 B - 6 potions of might
 C - a potion of experience {unknown}
 E - 4 potions of attraction
 F - 7 potions of brilliance
 H - 2 potions of degeneration {unknown}
 K - 4 potions of magic
 P - 5 potions of mutation
 R - 3 potions of lignification
Miscellaneous
 M - a condenser vane (inert)


   Skills:
 - Level 20.0 Fighting
 - Level 16.1 Staves
 + Level 20.8 Crossbows
 - Level 6.0 Throwing
 - Level 14.0 Armour
 - Level 13.1 Dodging
 - Level 0.7 Stealth
 - Level 8.3 Evocations


You had 17 spell levels left.
You didn't know any spells.
Your spell library contained the following spells:

 Spells                   Type           Power      Damage    Failure   Level
 Animate Skeleton         Necr           0%         N/A       94%         1
 Apportation              Tloc           0%         N/A       94%         1
 Summon Small Mammal      Summ           0%         N/A       94%         1
 Call Canine Familiar     Summ           0%         N/A       100%        3
 Frozen Ramparts          Ice            0%         1d2       100%        3
 Gell's Gravitas          Tloc           0%         N/A       100%        3
 Inner Flame              Hex/Fire       0%         N/A       100%        3
 Lesser Beckoning         Tloc           0%         N/A       100%        3
 Portal Projectile        Hex/Tloc       0%         N/A       100%        3
 Teleport Other           Tloc           0%         N/A       100%        3
 Cause Fear               Hex            0%         N/A       100%        4
 Fulminant Prism          Conj/Hex       0%         3d6       100%        4
 Ice Form                 Ice/Tmut       0%         N/A       100%        4
 Iskenderun's Mystic Bla  Conj/Tloc      0%         2d3       100%        4
 Leda's Liquefaction      Hex/Erth       0%         N/A       100%        4
 Summon Ice Beast         Ice/Summ       0%         N/A       100%        4
 Lee's Rapid Deconstruct  Erth           0%         3d5*      100%        5
 Discord                  Hex            0%         N/A       100%        8


Dungeon Overview and Level Annotations

Branches:
Dungeon (15/15)            Temple (1/1) D:6            Lair (6/6) D:9
 Shoals (0/4) Lair:2       Spider (4/4) Lair:4        Slime (0/5) Lair:5
    Orc (2/2) D:10            Elf (0/3) Orc:2        Vaults (2/5) D:13
 Depths (0/4) D:15          Sewer (visited)           IceCv (visited)
  Crypt: Vaults:2-3

Altars:
Ashenzari
Cheibriados
Dithmenos
Elyvilon
Fedhas
Gozag
Hepliaklqana
Kikubaaqudgha
Makhleb
Nemelex Xobeh
Okawaru
Qazlal
Ru
Sif Muna
Trog
Uskayaw
Vehumet
Wu Jian
Xom
Yredelemnul
Zin
The Shining One

Shops:
D:10 ?   Orc:1 ([   Orc:2 [=**   Vaults:1 [

Annotations:
Vaults:2 Saint Roka


Innate Abilities, Weirdness & Mutations

You have a pair of horns on your head.
You reflexively headbutt those who attack you in melee.


Message History

Press: ? - help, Q - select action, (/) - cycle Shift-Dir - straight line, f - dire elephant
Aim: a dire elephant (heavily wounded, strong, 92% to hit)
Okay, then.
The ironbound convoker hits your cyclops but does no damage.
The ironbound convoker hits your cyclops with a +0 flail!
Your cyclops barely misses the ironbound convoker.
Throw: 5 javelins
Press: ? - help, Q - select action, (/) - cycle Shift-Dir - straight line, f - dire elephant
Aim: a dire elephant (heavily wounded, strong, 92% to hit)
You throw a javelin.
The javelin pierces through the dire elephant!
The dire elephant is heavily wounded.
The ironbound convoker hits your cyclops with a +0 flail!
Your cyclops hits the ironbound convoker!!!
The ironbound convoker hits your cyclops with a +0 flail!!
Your skin crawls.
You feel strong-willed.
The ironbound convoker hits your cyclops with a +0 flail!!
Your cyclops dies!
Your cyclops's corpse disappears in a puff of smoke!
You slash the dire elephant! You burn the dire elephant.
The dire elephant is severely wounded.
The dire elephant misses you. You furiously retaliate!
You headbutt the dire elephant, but do no damage.
The dire elephant barely misses you.
Your +2 lajatang of flaming stops flaming.
You feel stronger.
You feel clever.
You hear the crackle of electricity.
a - the +4 triple crossbow of Wisdom (weapon)
{elec, Will++ Str+2 Int+4} Fire: 298 bolts
Press: ? - help, Q - select action, (/) - cycle Shift-Dir - straight line, f/p - dire elephant
Aim: a dire elephant (severely wounded, strong, 93% to hit)
You shoot a bolt. The bolt hits the dire elephant.
The dire elephant is severely wounded.
The dire elephant tramples you!!!
* * * LOW HITPOINT WARNING * * *
You hold your ground!
The dire elephant closely misses you.
The ironbound convoker completely misses you.
The dire elephant tramples you!!
You die...

#..........# #..........#
#..........# #..........#
#..........#
############..........#
#..........##########+#######
#....>.....# #.p.(.......[.#
#..........# #@Y.....(.[>..####
#..........# #..####.####[.#.(.
#..........# #..#.......#..#...
#..........# #..#.......#..#...
##'############..#.)###..#..#...
#.............#.....# #.....#...
#.............#..#..###..#..#...
#.............#..#.......#..#...
#..........)..#..#.......#..#...


You could see a dire elephant (strong) and an ironbound convoker (fast).

Vanquished Creatures
  Gastronok (D:8)
  A sphinx (Vaults:1)
  A tengu reaver (Vaults:1)
  Kirke (D:15)
  5 vault wardens (Vaults:1)
  3 ghost moths
  6 emperor scorpions
  A stone giant (D:15)
  9 ironbound preservers (Vaults:1)
  Azrael (D:14)
  3 spark wasps
  8 dire elephants
  2 entropy weavers
  Josephine (Lair:5)
  A yaktaur captain (Vaults:1)
  2 great orbs of eyes (Vaults:1)
  Harold (D:8)
  6 vault guards (Vaults:1)
  2 boulder beetles
  2 ironbound thunderhulks
  8 hydras
  Erolcha (D:9)
  3 ironbound frosthearts (Vaults:1)
  Erica (D:10)
  4 two-headed ogres
  8 centaur warriors
  8 death yaks (Lair:6)
  5 tengu warriors
  7 orc high priests
  2 spectral death yaks (Lair:6)
  A fire crab (D:9)
  5 skeletal warriors
  A spectral anaconda (Lair:6)
  25 deep trolls (Vaults:1)
  3 lindwurms (Vaults:1)
  2 orc knights
  5 necromancers
  A wizard (Vaults:1)
  5 harpies (Vaults:1)
  A deep elf zephyrmancer (D:14)
  12 ironbound convokers (Vaults:1)
  15 orb spiders
  2 deep elf pyromancers
  4 cyclopes
  23 ugly things
  27 wolf spiders
  4 manticores
  26 elephants
  6 orc sorcerers
  A merfolk siren (Lair:2)
  4 vault sentinels
  2 dire elephant zombies (Lair:6)
  An ice statue (IceCv)
  5 black mambas
  A molten gargoyle (Lair:1)
  5 torpor snails
  10 cane toads
  3 kobold demonologists (D:9)
  A rime drake (Lair:5)
  4 komodo dragons
  2 tengu conjurers
  2 anaconda simulacra (IceCv)
  A freezing wraith (IceCv)
  21 demonic crawlers
  10 yaktaurs
  2 entropy weaver simulacra (IceCv)
  11 ice devils (IceCv)
  6 trolls
  29 jumping spiders
  Grinder (D:3)
  9 hornets
  A polar bear (Lair:3)
  12 slime creatures
  20 blink frogs
  7 dream sheep
  A shadow (D:11)
  A centaur simulacrum (D:14)
  48 redbacks
  16 tarantellas
  3 dire elephant simulacra
  4 wyverns
  A spriggan (Lair:6)
  5 wraiths
  11 humans (D:13)
  A yak (shapeshifter) (D:11)
  60 yaks
  Eustachio (D:5)
  3 hogs
  A basilisk (D:12)
  3 fire elementals (D:14)
  7 vampire mosquitoes
  3 death yak simulacra
  2 steam dragons (D:9)
  4 wargs
  5 harpy simulacra
  3 spectral cane toads (Lair:6)
  5 acid dragons
  23 water moccasins
  Duvessa (D:5)
  3 hell hounds (D:14)
  An ice beast (D:5)
  2 hornet zombies
  29 orc warriors
  3 sky beasts
  5 black bears
  34 wolves
  5 boggarts
  7 necrophages
  11 centaurs
  5 ogres
  2 elephant skeletons (Lair:6)
  3 kobold brigands (Sewer)
  A phantom (D:6)
  13 bullfrogs
  11 cane toad simulacra
  3 scorpions
  4 elephant simulacra
  Dowan (D:5)
  14 killer bees
  4 wights
  The ghost of sirJeffrey23 the Ducker, a weakling DsGl of Kikubaaqudgha (D:3)
  3 howler monkeys
  7 electric eels
  A crimson imp (Spider:2)
  The ghost of ders the Digger, a weakling GrEE (D:3)
  2 bullfrog zombies
  2 hounds
  3 gnoll shamans
  A jelly (Lair:5)
  8 centaur zombies
  37 orc priests
  A centaur skeleton (D:7)
  3 iguanas
  36 orc wizards
  4 polar bear simulacra (IceCv)
  5 hell rats (Lair:4)
  A spriggan simulacrum (IceCv)
  A killer bee zombie (D:8)
  5 wolf simulacra (IceCv)
  A hound zombie (D:5)
  5 mummies (D:9)
  A howler monkey zombie (D:8)
  13 gnolls
  11 adders
  A shadow imp (D:5)
  16 white imps
  3 ufetubi
  2 adder skeletons (D:4)
  8 worms
  3 dart slugs
  80 orcs
  8 ball pythons
  3 endoplasms
  6 giant cockroaches
  7 hobgoblins
  6 jackals
  22 kobolds
  3 quokkas
  7 bats
  4 frilled lizards
  10 goblins
  6 rats
1164 creatures vanquished.

Vanquished Creatures (collateral kills)
  Arachne (Spider:2)
  Jorgrun (D:15)
  2 emperor scorpions (Spider:2)
  A rakshasa (D:15)
  2 boulder beetles
  A hydra (D:12)
  An orb spider (Spider:2)
  3 wolf spiders (Spider:2)
  A cyclops (D:15)
  2 freezing wraiths (IceCv)
  A blink frog (Lair:1)
  12 redbacks
  3 tarantellas (Spider:2)
31 creatures vanquished.

Vanquished Creatures (others)
  A ghost moth (Spider:4)
  A two-headed ogre (D:12)
  A deep elf pyromancer (D:12)
  A hornet (Spider:4)
  A redback (Spider:2)
  2 humans
  An acid dragon (D:12)
  An orc (Orc:2)
  87 fungi
  98 plants
  31 withered plants
225 creatures vanquished.

Grand Total: 1420 creatures vanquished

Notes
Turn   | Place    | Note
-------+----------+-------------------------------------------
     0 | D:1      | bearlyready the Minotaur Hunter began the quest for the
                  | Orb.
     0 | D:1      | Reached XP level 1. HP: 18/18 MP: 0/0
   124 | D:1      | Reached XP level 2. HP: 25/25 MP: 1/1
   716 | D:1      | Reached XP level 3. HP: 30/31 MP: 2/2
   811 | D:2      | Reached skill level 5 in Crossbows
  1562 | D:2      | Reached XP level 4. HP: 40/40 MP: 3/3
  2158 | D:2      | Found a faded altar of an unknown god.
  3289 | D:3      | Noticed Grinder
  3307 | D:3      | Killed Grinder
  3308 | D:3      | Reached skill level 5 in Fighting
  3308 | D:3      | Reached XP level 5. HP: 28/50 MP: 4/4
  3308 | D:3      | Reached XP level 6. HP: 32/57 MP: 5/5
  3510 | D:3      | Found a runed translucent gate.
  3510 | D:3      | Found a runed translucent gate.
  3510 | D:3      | Found a runed translucent gate.
  3515 | D:3      | Noticed sirJeffrey23's ghost (weakling DsGl)
  3515 | D:3      | Noticed ders's ghost (weakling GrEE)
  4401 | D:4      | Found a glowing drain.
  4405 | Sewer    | Entered a sewer
  4683 | Sewer    | Reached XP level 7. HP: 56/64 MP: 6/6
  6311 | D:5      | Entered Level 5 of the Dungeon
  6746 | D:5      | Reached XP level 8. HP: 36/75 MP: 7/7
  7506 | D:5      | Noticed Dowan
  7518 | D:5      | Killed Dowan
  7519 | D:5      | Reached skill level 1 in Armour
  7522 | D:5      | Noticed Duvessa
  7534 | D:5      | Killed Duvessa
  8360 | D:6      | Reached skill level 1 in Evocations
  9558 | D:6      | Found a burning altar of Makhleb.
  9928 | D:6      | Found a staircase to the Ecumenical Temple.
  9937 | Temple   | Entered the Ecumenical Temple
  9959 | Temple   | Became a worshipper of Trog the Wrathful
 10278 | D:5      | Noticed Eustachio
 10287 | D:5      | Killed Eustachio
 10288 | D:5      | Reached skill level 10 in Fighting
 10288 | D:5      | Reached XP level 9. HP: 55/85 MP: 8/8
 11497 | D:7      | Reached skill level 5 in Dodging
 11758 | D:7      | Reached * piety under Trog
 11761 | D:7      | Reached skill level 5 in Armour
 12379 | D:7      | Reached skill level 1 in Staves
 12566 | D:7      | Found an ornate altar of the Wu Jian Council.
 12926 | D:8      | Noticed Harold
 12941 | D:8      | Killed Harold
 12942 | D:8      | Reached skill level 5 in Staves
 13218 | D:8      | Reached XP level 10. HP: 76/93 MP: 9/9
 13346 | D:8      | Reached ** piety under Trog
 13448 | D:8      | Noticed Gastronok
 13474 | D:8      | Killed Gastronok
 14811 | D:9      | Noticed Erica
 14842 | D:9      | Found a transporter.
 14843 | D:9      | Noticed a fire crab
 14846 | D:9      | Noticed an orc high priest
 14849 | D:9      | Noticed an orc high priest
 14853 | D:9      | Found a transporter.
 14900 | D:9      | Found a staircase to the Lair.
 15006 | D:9      | Noticed Erolcha
 15014 | D:10     | Entered Level 10 of the Dungeon
 15182 | D:10     | Reached skill level 10 in Crossbows
 15528 | D:10     | Reached *** piety under Trog
 15592 | D:10     | Reached skill level 10 in Staves
 15601 | D:10     | Reached XP level 11. HP: 39/100 MP: 10/10
 15924 | D:10     | Found a staircase to the Orcish Mines.
 16210 | D:10     | Found Jan Wocw's Magic Scroll Boutique.
 16592 | D:10     | Bought a scroll of teleportation for 36 gold pieces
 16592 | D:10     | Bought a scroll of enchant weapon for 90 gold pieces
 16592 | D:10     | Bought a scroll of fear for 42 gold pieces
 16592 | D:10     | Bought a scroll of fear for 42 gold pieces
 16592 | D:10     | Bought a scroll of teleportation for 36 gold pieces
 16592 | D:10     | Bought a scroll of teleportation for 36 gold pieces
 16592 | D:10     | Bought a scroll of identify for 24 gold pieces
 16592 | D:10     | Bought a scroll of fog for 24 gold pieces
 16592 | D:10     | Bought a scroll of identify for 24 gold pieces
 16592 | D:10     | Bought a scroll of magic mapping for 42 gold pieces
 17091 | D:10     | Killed Erica
 17497 | D:9      | Found a white marble altar of Elyvilon.
 17509 | D:9      | Found a snail-covered altar of Cheibriados.
 17653 | D:9      | Noticed a two-headed ogre
 17698 | D:9      | Killed a two-headed ogre
 17996 | D:9      | Reached **** piety under Trog
 18072 | D:9      | Killed Erolcha
 18473 | Orc:1    | Entered Level 1 of the Orcish Mines
 18483 | Orc:1    | Found Yshren's Antique Weapon Emporium.
 18488 | Orc:1    | Noticed an orc knight
 20448 | D:12     | Noticed a six-headed hydra
 20566 | D:12     | Noticed a skeletal warrior
 20566 | D:12     | Noticed a skeletal warrior
 20631 | D:12     | Noticed a two-headed ogre
 20649 | D:12     | Killed a two-headed ogre
 20889 | D:12     | Noticed a purple ugly thing
 20909 | D:12     | Killed a purple ugly thing
 21270 | D:12     | Reached XP level 12. HP: 101/107 MP: 11/11
 21301 | D:12     | Noticed a four-headed hydra
 21315 | D:12     | Killed a four-headed hydra
 21556 | D:12     | Noticed a two-headed ogre
 21563 | D:12     | Noticed a boulder beetle
 21564 | D:12     | Noticed a tengu warrior
 21618 | D:11     | Killed a tengu warrior
 22577 | D:12     | Noticed a boulder beetle
 22594 | D:12     | Killed a boulder beetle
 22627 | D:12     | Killed a six-headed hydra
 23626 | Lair:1   | Entered Level 1 of the Lair of Beasts
 24950 | Lair:1   | Reached XP level 13. HP: 45/119 MP: 12/12
 27671 | Lair:2   | Found a staircase to the Shoals.
 28655 | Lair:3   | Reached ***** piety under Trog
 28961 | Lair:4   | Reached skill level 15 in Crossbows
 29552 | Lair:4   | Found a shimmering altar of Xom.
 29782 | Lair:4   | Received a gift from Trog
 29793 | Lair:4   | Reached XP level 14. HP: 85/132 MP: 13/13
 30010 | Lair:4   | Found a hole to the Spider Nest.
 30973 | Spider:1 | Entered Level 1 of the Spider Nest
 31846 | Lair:5   | Found a staircase to the Slime Pits.
 32002 | Lair:5   | Noticed Josephine
 32010 | Lair:5   | Killed Josephine
 32393 | Lair:6   | Entered Level 6 of the Lair of Beasts
 33297 | Lair:6   | Reached skill level 10 in Armour
 33720 | Lair:6   | Reached skill level 15 in Fighting
 33881 | Lair:6   | Reached skill level 10 in Dodging
 33998 | Lair:6   | Received a gift from Trog
 35418 | Lair:6   | Reached ****** piety under Trog
 35633 | Lair:6   | Reached XP level 15. HP: 60/141 MP: 14/14
 37157 | D:3      | Killed sirJeffrey23's ghost
 37158 | D:3      | Killed ders's ghost
 37338 | D:13     | Found a shadowy altar of Dithmenos.
 37680 | D:13     | Identified the +2 robe of the Fletcher {rPois SInv}
 37737 | D:13     | Identified the +0 plate armour of the Gusle {rF+ Int-4
                  | Stlth+}
 38088 | D:13     | Received a gift from Trog
 38132 | D:13     | Found a gate to the Vaults.
 38936 | D:14     | Noticed Azrael
 38963 | D:14     | Killed Azrael
 39235 | D:14     | Noticed Kirke
 39265 | D:15     | Entered Level 15 of the Dungeon
 39609 | D:15     | Noticed Jorgrun
 39618 | D:15     | Killed Jorgrun
 40509 | D:15     | Found a staircase to the Depths.
 40831 | D:15     | Killed Kirke
 41323 | D:14     | Reached skill level 15 in Staves
 42582 | D:13     | Acquired the +4 triple crossbow of Wisdom {elec, Will++
                  | Str+2 Int+4}
 42695 | Orc:1    | Received a gift from Trog
 43072 | Orc:1    | Bought a steaming quarterstaff for 225 gold pieces
 43072 | Orc:1    | Identified the +6 quarterstaff "Sihiet Cayl" {drain, Fly}
                  | (You bought it in a shop on level 1 of the Orcish Mines)
 43135 | Orc:1    | Found Miatis's Armour Boutique.
 43139 | Orc:1    | Bought the +1 pair of boots "Zauff" {rElec rF+++ Regen+}
                  | for 760 gold pieces
 43360 | Orc:2    | Entered Level 2 of the Orcish Mines
 43369 | Orc:2    | Found a staircase to the Elven Halls.
 43418 | Orc:2    | Found a frozen archway.
 43549 | IceCv    | Entered an ice cave
 43607 | IceCv    | Received a gift from Trog
 43659 | IceCv    | Found an ancient bone altar of Kikubaaqudgha.
 43802 | IceCv    | Reached XP level 16. HP: 114/152 MP: 15/15
 44524 | Orc:2    | Received a gift from Trog
 44551 | Orc:2    | Paralysed by an orc sorcerer for 7 turns
 45044 | Orc:2    | Found Ronuwneetui's Jewellery Shoppe.
 45044 | Orc:2    | Found Unwadduu's Assorted Antiques.
 45051 | Orc:2    | Found Zissuav's Assorted Antiques.
 45096 | Orc:2    | Received a gift from Trog
 45171 | Orc:2    | Found Tovouhun's Armour Shoppe.
 45179 | Orc:2    | Bought a scroll of identify for 50 gold pieces
 45179 | Orc:2    | Bought a scroll of identify for 50 gold pieces
 45182 | Orc:2    | Bought a scroll of fear for 84 gold pieces
 45187 | Orc:2    | Bought a scroll of identify for 48 gold pieces
 45482 | Orc:2    | Bought a +2 plate armour of poison resistance for 444 gold
                  | pieces
 46043 | Spider:1 | Reached skill level 5 in Evocations
 46161 | Spider:1 | Identified the +2 pair of gloves of Xoeryd {rN+ Dex+2}
 47622 | Spider:2 | Received a gift from Trog
 47731 | Spider:2 | Noticed Arachne
 47766 | Spider:2 | Killed Arachne
 49494 | Spider:4 | Entered Level 4 of the Spider Nest
 49532 | Spider:4 | Reached XP level 17. HP: 163/163 MP: 16/16
 49758 | Spider:3 | Received a gift from Trog
 50784 | Spider:3 | Received a gift from Trog
 51202 | Spider:4 | Got a gossamer rune of Zot
 51665 | Vaults:1 | Entered Level 1 of the Vaults
 51665 | Vaults:1 | Found Tibacs's Armour Shop.
 52096 | Vaults:1 | Received a gift from Trog
 52437 | Vaults:1 | Reached XP level 18. HP: 119/176 MP: 17/17
 52829 | Vaults:1 | Received a gift from Trog
 52993 | Vaults:1 | Reached skill level 5 in Throwing
 53706 | Vaults:1 | Received a gift from Trog
 53838 | Vaults:2 | Noticed Saint Roka
 54274 | Vaults:1 | Demolished by a dire elephant

Illustrated notes

Levels and vault maps discovered:
D:1:      nicolae_arrival_washed_ashore, layout_rooms
D:2:      layout_basic, hellmonk_ecumenical_altar_lost_god, feat_on_display,
          uniq_robin
D:3:      layout_rooms, gammafunk_ghost_cemetery, uniq_grinder
D:4:      layout_basic, gup_sewer_entry_spiral, minmay_bent
D:5:      layout_basic, uniq_eustachio, uniq_duvessa
D:6:      layout_basic, mainiacjoe_overflow_boulevard,
          minmay_temple_entry_antechambers, chequers_ossuary_entry_cave,
          minmay_fountain_box
D:7:      layout_basic, nicolae_wu_jian_glorious_leap, st_stairs_11,
          serial_bayou_ford_a
D:8:      layout_basic, corner_web_ring, minmay_misc_feat_five,
          lemuel_another_geyser, uniq_harold, uniq_gastronok
D:9:      gammafunk_wand_slinger, layout_loops_ring, jmf_multi_god_temple,
          due_lair_maze_entry_diamond, enter_bailey_6, serial_undead,
          serial_undead_d, serial_undead_c, serial_undead_b, serial_undead_d,
          serial_undead_a, serial_undead_d, uniq_erica, uniq_erolcha
D:10:     layout_basic, david_orc_3, serial_shops, nicolae_shop_window_shopping
D:11:     layout_stronghold
D:12:     minmay_the_grid_triangle_9x9_recursive_2_mashed
          [minmay_the_grid_triangle_9x9_prize_center,
          minmay_the_grid_triangle_9x9_thin_v,
          minmay_the_grid_triangle_9x9_zippers_vertical,
          minmay_the_grid_triangle_9x9_from_above], layout_gridville
D:13:     layout_stronghold, ximxim_vaults_locker_room,
          nicolae_dithmenos_the_darkroom
D:14:     layout_loops_corners, uniq_azrael, uniq_kirke
D:15:     grunt_enter_depths_snipers, layout_irregular_city, minivault_26,
          uniq_jorgrun
Temple:   nicolae_temple_no_exploring_needed
Lair:1:   layout_gridlike
Lair:2:   layout_regular_city, elwin_shoals_entry_rooms, guppyfry_lair_drakes
Lair:3:   layout_cave_shapes, minmay_hedge_maze, beast_lair_carwin_4
Lair:4:   layout_cellular_growth, nicolae_spider_entry_non_spiders, basic_altar,
          lemuel_fruit_tree, serial_bayou_shore_a
Lair:5:   layout_cave_pods, minmay_slime_entry_pillars, st_stairs_10,
          uniq_josephine
Lair:6:   due_jungle_book, layout_gridlike, grunt_forest_large_clearings,
          grunt_megastairs_2
Spider:1: layout_chambers
Spider:2: layout_spider_delve, nicolae_crawler_farm, uniq_arachne
Spider:3: layout_chambers
Spider:4: guppyfry_spider_rune
Orc:1:    layout_caves, serial_shops, shop, nicolae_shop_trees,
          nicolae_diamond_shop
Orc:2:    st_orc_mages, layout_caves, portal_ice_cave_entry_imps
Vaults:1: grunt_vaults_twisty, nicolae_vaults_big_ls, vaults_dpeg_ring,
          nicolae_vaults_quartermaster, v_misc_13, v_alt_pattern_4,
          hangedman_vaults_corner_blocks, ontoclasm_vaults_fault,
          nicolae_vaults_stairing_the_circle, nicolae_vaults_circle_grid_a,
          nicolae_vaults_diagonal_hallway_8, grunt_vaults_swirl,
          hangedman_vaults_slice, nicolae_vaults_asterisk,
          nicolae_vaults_circle_grid_b, ontoclasm_vaults_idyll,
          vaults_dpeg_hooks, layout_vaults_omnibox, serial_shops, shop
Vaults:2: v_misc_33, v_misc_2, ontoclasm_vaults_spin,
          nicolae_vaults_circle_grid_b, v_alt_pattern_2, v_alt_pattern_4,
          vaults_mumra_hex, v_misc_22, nicolae_vaults_big_angled_halls,
          v_misc_18, ontoclasm_vaults_gallery, v_misc_14, vaults_room_pools,
          nicolae_vaults_ring_of_whatevers, layout_vaults_big_cross,
          serial_shops, shop, uniq_saint_roka

Skill      XL: |  1  2  3  4  5  6  7  8  9 10 11 12 13 14 15 16 17 18 |
---------------+-------------------------------------------------------+-----
Fighting       | 3 4 5 6 8 10 12 14 15 16 17 19 20 | 20.0
Crossbows      | 5 6 7 8 10 12 14 15 16 17 18 19 20 | 20.8
Armour         | 4 5 8 11 12 14 | 14.0
Dodging        | 4 5 6 8 10 12 13 | 13.1
Evocations     | 2 4 6 8 |  8.3
Staves         | 6 10 12 14 15 16 | 16.1
Throwing       | 3 6 |  6.0
Stealth        | |  0.7

Action                   |  1- 3 |  4- 6 |  7- 9 | 10-12 | 13-15 | 16-18 || total
-------------------------+-------+-------+-------+-------+-------+-------++-------
Melee: Short sword       |    58 |   159 |   221 |       |       |       ||   438
       Headbutt          |     9 |    31 |    75 |   174 |   474 |   331 ||  1094
       Quarterstaff      |       |       |   144 |   800 |  1864 |   547 ||  3355
       Dagger            |       |       |    38 |       |       |       ||    38
       Unarmed           |       |       |       |       |     1 |       ||     1
       Lajatang          |       |       |       |       |       |   674 ||   674
 Fire: Hand crossbow     |    14 |    33 |    31 |    39 |    11 |       ||   128
       Arbalest          |       |       |       |       |    43 |       ||    43
       Triple crossbow   |       |       |       |       |    11 |   221 ||   232
Throw: Dart              |       |       |    14 |    28 |     6 |     1 ||    49
       Throwing net      |       |       |       |     6 |     4 |     2 ||    12
       Javelin           |       |       |       |       |     8 |    12 ||    20
Invok: Berserk           |       |       |     1 |     7 |     4 |     3 ||    15
       Brothers in Arms  |       |       |       |     2 |     2 |     6 ||    10
       Trog's Hand       |       |       |       |       |       |     3 ||     3
Evoke: Wand              |       |     1 |    16 |    32 |    19 |    11 ||    79
       Condenser vane    |       |       |       |       |       |     5 ||     5
  Use: Potion            |       |     2 |     1 |     1 |     2 |     4 ||    10
       Scroll            |       |     4 |     3 |    14 |     9 |    15 ||    45
 Stab: Sleeping          |       |     2 |       |       |       |       ||     2
       Held in net/web   |       |       |       |     1 |     5 |     1 ||     7
       Distracted        |       |       |       |       |     1 |       ||     1
       Confused          |       |       |       |       |       |     4 ||     4
Armor: Leather armour    |    17 |    43 |    22 |       |       |       ||    82
       Skin              |       |     1 |       |       |       |       ||     1
       Scale mail        |       |       |   115 |    55 |       |       ||   170
       Plate armour      |       |       |       |   259 |   931 |  1229 ||  2419
Dodge: Dodged            |    39 |   108 |   282 |   442 |  1039 |  1243 ||  3153

Table legend: (Time is in decaauts)
 A = Elapsed time spent in this place.
 B = Non-inter-level travel time spent in this place.
 C = Inter-level travel time spent in this place.
 D = Time resting spent in this place.
 E = Time spent auto-exploring this place.
 F = Levels seen in this place.
 G = Mean time per level.
                   A        B        C        D        E       F      G
               +--------+--------+--------+--------+--------+-----+--------+
         Total |  53406 |  51078 |   2328 |   6888 |  34890 |  32 | 1668.9 |
       Dungeon |  29178 |  27644 |   1534 |   4245 |  19033 |  15 | 1945.2 |
        Temple |     30 |      9 |     21 |      0 |      0 |   1 |   30.0 |
          Lair |  12927 |  12460 |    467 |   1231 |   9311 |   6 | 2154.5 |
   Spider Nest |   5587 |   5382 |    205 |    687 |   3481 |   4 | 1396.8 |
  Orcish Mines |   1778 |   1717 |     61 |    294 |    776 |   2 |  889.0 |
        Vaults |   2407 |   2370 |     37 |    350 |   1279 |   2 | 1203.5 |
         Sewer |    808 |    808 |      0 |      0 |    669 |   1 |  808.0 |
      Ice Cave |    687 |    687 |      0 |     79 |    340 |   1 |  687.0 |
               +--------+--------+--------+--------+--------+-----+--------+

Top non-repeatable levels by time:
  Lair:6: 4190 daAuts
    D:10: 2939 daAuts
     D:6: 2918 daAuts
    D:11: 2681 daAuts
  Lair:1: 2527 daAuts
Vaults:1: 2335 daAuts
    D:12: 2182 daAuts
    D:14: 2171 daAuts
  Lair:4: 2161 daAuts
Spider:3: 2129 daAuts
     D:4: 1978 daAuts
     D:8: 1937 daAuts
     D:5: 1858 daAuts
Spider:1: 1753 daAuts
    D:13: 1696 daAuts
